 Dungeon Crawl Stone Soup version 0.25.0-46-gbd7b0854d2 (webtiles) character file.

Game seed: 8321191085996315155

73 BreadTh the Magician (level 4, -2/24 HPs)
             Began as a Deep Elf Wizard on July 16, 2020.
             Killed by nerve-wracking pain
             ... invoked by an orc priest
              (14 damage)
             ... on level 3 of the Dungeon.
             The game lasted 00:04:49 (1835 turns).

BreadTh the Magician (Deep Elf Wizard)              Turns: 1835, Time: 00:04:49

Health: -2/24      AC:  4    Str:  4    XL:     4   Next: 8%
Magic:  1/13       EV: 16    Int: 24    God:
Gold:   93         SH:  0    Dex: 13    Spells: 4/13 levels left

rFire    . . .     SeeInvis .   m - +0 dagger (venom)
rCold    . . .     Gourm    .   (no shield)
rNeg     . . .     Faith    .   f - +0 leather armour
rPois    .         Spirit   .   b - +0 hat
rElec    .         Reflect  .   (no cloak)
rCorr    .         Harm     .   n - +0 pair of gloves
MR       .....                  (no boots)
Stlth    ++........             (no amulet)
HPRegen  0.08/turn              k - ring of wizardry
MPRegen  0.13/turn              l - +4 ring of evasion

@: no status effects
A: no striking features
a: no special abilities


You were on level 3 of the Dungeon.
You were hungry.

You visited 1 branch of the dungeon, and saw 3 of its levels.

You collected 93 gold pieces.

Inventory:

Hand Weapons
 e - a +0 dagger
 m - a +0 dagger of venom (weapon)
Armour
 b - a +0 hat (worn)
 f - a +0 leather armour (worn)
 n - a +0 pair of gloves (worn)
Jewellery
 k - a ring of wizardry (left hand)
 l - a +4 ring of evasion (right hand)
 q - an uncursed ring of positive energy
Scrolls
 c - a scroll of teleportation {unknown}
 g - 4 scrolls of identify {unknown}
 p - a scroll of immolation {unknown}
 s - a scroll of enchant armour {unknown}
 t - a scroll of random uselessness {unknown}
Potions
 a - a potion of magic {unknown}
 h - a potion of haste {unknown}
 i - a potion of heal wounds
 j - a potion of curing {unknown}
 o - a potion of mutation {unknown}
 r - a potion of stabbing {unknown}
 u - a potion of invisibility {unknown}
Comestibles
 d - 6 rations
 v - a chunk of flesh


   Skills:
 - Level 3.0 Dodging
 - Level 3.0 Stealth
 - Level 5.0 Spellcasting
 * Level 3.3 Conjurations
   Level 1.1 Summonings
 - Level 1.1 Translocations


You had 4 spell levels left.
You knew the following spells:

 Your Spells              Type           Power        Failure   Level  Hunger
a - Magic Dart            Conj           ###.         1%          1    None
b - Conjure Flame         Conj/Fire      ##......     10%         3    ##.....
c - Mephitic Cloud        Conj/Pois/Air  ##......     12%         3    ##.....
d - Blink                 Tloc           N/A          6%          2    None

Your spell library contained the following spells:

 Spells                   Type           Power        Failure   Level  Hunger
 Call Imp                 Summ           ##......     6%          2    None
 Slow                     Hex            #.......     10%         2    None


Dungeon Overview and Level Annotations

Branches:
Dungeon (3/15)

Altars:


Message History

The magic dart hits the orc priest.
The orc priest is moderately wounded.
Casting: Magic Dart (safe; 1% risk of failure)
Confirm with . or Enter, or press ? or * to list all spells.
Aiming: Magic Dart (safe; 1% risk of failure)
Press: ? - help, Shift-Dir - straight line, f/p - orc priest
Aim: an orc priest, wielding a +0 club and wearing a +0 leather armour (moderately wounded)
The magic dart hits the orc priest but does no damage.
The orc priest is moderately wounded.
Casting: Magic Dart (safe; 1% risk of failure)
Confirm with . or Enter, or press ? or * to list all spells.
Aiming: Magic Dart (safe; 1% risk of failure)
Press: ? - help, Shift-Dir - straight line, f/p - orc priest
Aim: an orc priest, wielding a +0 club and wearing a +0 leather armour (moderately wounded)
The magic dart hits the orc priest.
The orc priest is heavily wounded.
The orc priest mumbles some strange prayers to Beogh against you.
Pain shoots through your body!
Ouch! That really hurt!
You die...

############
#.##÷......#
#.##.@)....#
#########.##....o.)#
####......##.##.....†)..
...+....#........)..[..#
...#....#....##.#####..#
...#....####...........#
...####.# #(##.....#.##
........# #.##..##.#
........# ####.... #


You could see an orc priest.

Vanquished Creatures
  2 adders (D:2)
  An ooze (D:1)
  A dart slug (D:1)
  5 leopard geckos
  4 orcs (D:3)
  5 bats
  A giant cockroach (D:2)
  2 hobgoblins (D:1)
  6 kobolds
  5 frilled lizards
  5 goblins
  4 rats
41 creatures vanquished.

Notes
Turn   | Place    | Note
-------+----------+-------------------------------------------
     0 | D:1      | BreadTh the Deep Elf Wizard began the quest for the Orb.
     0 | D:1      | Reached XP level 1. HP: 10/10 MP: 7/7
   360 | D:1      | Reached XP level 2. HP: 15/15 MP: 3/9
   893 | D:1      | Reached XP level 3. HP: 19/19 MP: 9/11
  1500 | D:2      | Reached skill level 5 in Spellcasting
  1557 | D:2      | Learned a level 3 spell: Conjure Flame
  1561 | D:2      | Learned a level 3 spell: Mephitic Cloud
  1564 | D:2      | Learned a level 2 spell: Blink
  1826 | D:3      | Reached XP level 4. HP: 24/24 MP: 9/13
  1835 | D:3      | Killed from afar by an orc priest

Illustrated notes

Levels and vault maps discovered:
D:1:      dpeg_arrival_rhombus, layout_rooms, chequers_arboretum,
          minmay_split_cup_large
D:2:      layout_rooms, first_ration, lemuel_another_geyser
D:3:      layout_basic, lemuel_tele_altar

Skill      XL: |  1  2  3 |
---------------+----------+-----
Conjurations   | 2 3 |  3.3
Stealth        | 3 |  3.0
Dodging        | 3 |  3.0
Spellcasting   | 5 |  5.0
Summonings     | |  1.1
Translocations | |  1.1

Action                   |  1- 3 |  4- 6 || total
-------------------------+-------+-------++-------
Melee: Dagger            |     2 |       ||     2
 Cast: Magic Dart        |    80 |    10 ||    90
  Eat: Chunk             |     2 |       ||     2
Armor: Leather armour    |     6 |       ||     6
Dodge: Dodged            |    21 |       ||    21
